 Dungeon Crawl Stone Soup version 0.29.1-13-g9f3cf754e1 (webtiles) character file.

Game seed: 12636435459865874588

17 Thatpatchoflichen the Ducker (level 2, -6/22 HPs)
             Began as a Human Gladiator on Feb 2, 2023.
             Mangled by Terence
             ... wielding a +0 mace
              (10 damage)
             ... on level 2 of the Dungeon.
             The game lasted 00:01:48 (695 turns).

Thatpatchoflichen the Ducker (Human Gladiator)       Turns: 695, Time: 00:01:48

Health: -6/22      AC:  4    Str: 14    XL:     2   Next: 80%
Magic:  2/2        EV: 12    Int:  8    God:
Gold:   47         SH:  0    Dex: 14    Spells: 1/1 levels left

rFire   . . .      SeeInvis .   a - +0 trident
rCold   . . .      Faith    .   (no shield)
rNeg    . . .      Spirit   .   b - +0 leather armour
rPois   .          Reflect  .   c - +0 helmet
rElec   .          Harm     .   (no cloak)
rCorr   .          Rampage  .   (no gloves)
Will    .....                   (no boots)
Stlth   +.........              (no amulet)
HPRegen 0.07/turn               (no ring)
MPRegen 0.08/turn               (no ring)

@: no status effects
A: no striking features
a: no special abilities


You were on level 2 of the Dungeon.
You visited 1 branch of the dungeon, and saw 2 of its levels.

You collected 47 gold pieces.

Inventory:

Hand Weapons
 a - a +0 trident (weapon)
Missiles
 d - 3 throwing nets (quivered)
 e - a javelin
Armour
 b - a +0 leather armour (worn)
 c - a +0 helmet (worn)
 h - a +0 plate armour
Magical Staves
 g - a staff of poison
Scrolls
 i - a scroll of blinking {unknown}
 k - 3 scrolls of teleportation {unknown}
Potions
 f - a potion of haste {unknown}
 j - a potion of degeneration {unknown}
 l - a potion of berserk rage {unknown}
 m - a potion of invisibility {unknown}


   Skills:
 + Level 2.3 Fighting
 + Level 3.2 Polearms
 - Level 2.0 Throwing
 + Level 0.9 Armour
 + Level 3.2 Dodging


You had one spell level left.
You didn't know any spells.
Your spell library was empty.

Dungeon Overview and Level Annotations

Branches:
Dungeon (2/15)

Altars:

Shops:
D:1 (

Annotations:
D:2 Terence


Message History

Reach: a) +0 trident
Press: ? - help, Dir - move target, f - Terence
Aim: Terence, wielding a +0 mace and wearing a +0 scale mail (about 37% to evade your +0 trident)
You reach to attack!
You hit Terence.
Terence is lightly wounded.
Unknown command.
You see here a +4 short sword.
You hit Terence but do no damage.
Terence is lightly wounded.
Terence misses you.
You hit Terence.
Terence is moderately wounded.
Terence closely misses you.
You completely miss Terence.
Terence is moderately wounded.
Terence hits you with a +0 mace.
You hit Terence.
Terence is heavily wounded.
Terence closely misses you.
You hit Terence.
Terence is severely wounded.
Terence hits you with a +0 mace.
You closely miss Terence.
Terence is severely wounded.
Terence hits you with a +0 mace. Terence misses you.
You hit Terence but do no damage.
Terence is severely wounded.
Terence misses you.
You hit Terence but do no damage.
Terence is severely wounded.
Terence hits you with a +0 mace.
* * * LOW HITPOINT WARNING * * *
There is a stone staircase leading up here.
Reach: a) +0 trident
Press: ? - help, Dir - move target, f/p - Terence
Aim: Terence, wielding a +0 mace and wearing a +0 scale mail (severely wounded, about 37% to evade your +0 trident)
You hit Terence but do no damage.
Terence is severely wounded.
Terence hits you with a +0 mace!
You die...

#.### ....#
###.#.#
...#.#
###.#.#######
.....#.....#
#.#.......##
#@@)......$.
#.###.###.#.
#.. ... ..##
#### ####


You could see Terence.

Vanquished Creatures
  2 dart slugs (D:1)
  A goblin (D:1)
  A hobgoblin (D:1)
  2 kobolds (D:1)
  2 quokkas (D:1)
  2 ball pythons (D:1)
  A bat (D:1)
  2 frilled lizards (D:1)
  A rat (D:1)
14 creatures vanquished.

Notes
Turn   | Place    | Note
-------+----------+-------------------------------------------
     0 | D:1      | Thatpatchoflichen the Human Gladiator began the quest for
                  | the Orb.
     0 | D:1      | Reached XP level 1. HP: 16/16 MP: 1/1
   192 | D:1      | Reached XP level 2. HP: 11/22 MP: 2/2
   385 | D:1      | Found Giweoff's Antique Weapon Boutique.
   680 | D:2      | Noticed Terence
   695 | D:2      | Mangled by Terence

Illustrated notes

Levels and vault maps discovered:
D:1:      mrwooster_arrival_statue_3, layout_rooms, serial_shops,
          nicolae_shop_temple_entry_statues_fountains,
          ebering_ecumenical_altar_sacrificial
D:2:      layout_basic, nicolae_kite_square_tiling_tiny, uniq_sigmund,
          uniq_terence, uniq_robin

Action                   || total
-------------------------++-------
Melee: Trident           ||    53
Armor: Leather armour    ||    12
Dodge: Dodged            ||    46
